 Dungeon Crawl Stone Soup version 0.28-a0-178-ga708605c5b (webtiles) character file.

Game seed: 10256765116233042318

0 rabbitsville the Conjurer (level 1, 0/11 HPs)
             Began as an Octopode Conjurer on Aug 18, 2021.
             Slain by a hobgoblin (4 damage)
             ... on level 1 of the Dungeon.
             The game lasted 00:01:47 (150 turns).

rabbitsville the Conjurer (Octopode Conjurer)        Turns: 150, Time: 00:01:48

Health: 0/11       AC:  1    Str:  6    XL:     1   Next: 10%
Magic:  0/3        EV: 13    Int: 20    God:
Gold:   6          SH:  0    Dex: 10    Spells: 3/4 levels left

rFire   . . .      SeeInvis .   (no weapon)
rCold   . . .      Faith    .   (no shield)
rNeg    . . .      Spirit   .   (helmet restricted)
rPois   .          Reflect  .   (no amulet)
rElec   .          Harm     .   (no ring)
rCorr   .          Rampage  .   (no ring)
Will    .....                   (no ring)
Stlth   +++.......              (no ring)
HPRegen 0.03/turn               (no ring)
MPRegen 0.08/turn               (no ring)
                                (no ring)
                                (no ring)

@: no status effects
A: almost no armour, amphibious, 8 rings, camouflage 1, gelatinous body 1,
(nimble swimmer 1), tentacles
a: no special abilities


You were on level 1 of the Dungeon.
You visited 1 branch of the dungeon, and saw 1 of its levels.

You collected 6 gold pieces.

You aren't carrying anything.


   Skills:
 - Level 2.0 Dodging
 - Level 2.6 Stealth
 + Level 2.0 Spellcasting
 + Level 4.0 Conjurations


You had 3 spell levels left.
You knew the following spells:

 Your Spells              Type           Power      Damage    Failure   Level
a - Magic Dart            Conj           72%        1d6       3%          1

Your spell library contained the following spells:

 Spells                   Type           Power      Damage    Failure   Level
 Searing Ray              Conj           36%        3d4       4%          2
 Dazzling Flash           Conj/Hex       20%        N/A       21%         3
 Fulminant Prism          Conj/Hex       5%         3d7       56%         4
 Iskenderun's Mystic Bla  Conj/Tloc      10%        2d4       56%         4


Dungeon Overview and Level Annotations

Branches:
Dungeon (1/15)

Altars:


Innate Abilities, Weirdness & Mutations

You cannot wear most types of armour.
You are amphibious.
You can wear up to eight rings at the same time.
Your skin changes colour to match your surroundings (Stealth+).
Your rubbery body absorbs attacks. (AC +1, EV +1)
((You are camouflaged near water. (Stealth+)))
You have tentacles for arms and can constrict up to eight enemies at once.


Message History

Press: ? - help, Shift-Dir - straight line, f/p - hobgoblin
Aim: a hobgoblin (100% to hit)
The magic dart hits the hobgoblin.
The hobgoblin is moderately wounded.
There is an open door here.
There is an open door here.
Casting: Magic Dart (safe; 3% risk of failure)
Confirm with . or Enter, or press ? or * to list all spells.
Aiming: Magic Dart (safe; 3% risk of failure)
Press: ? - help, Shift-Dir - straight line, f/p - hobgoblin
Aim: a hobgoblin (100% to hit)
The magic dart hits the hobgoblin but does no damage.
Casting: Magic Dart (safe; 3% risk of failure)
Confirm with . or Enter, or press ? or * to list all spells.
Aiming: Magic Dart (safe; 3% risk of failure)
Press: ? - help, Shift-Dir - straight line, f/p - hobgoblin
Aim: a hobgoblin (100% to hit)
The magic dart hits the hobgoblin.
The hobgoblin is moderately wounded.
The hobgoblin hits you.
Casting: Magic Dart (safe; 3% risk of failure)
Confirm with . or Enter, or press ? or * to list all spells.
Aiming: Magic Dart (safe; 3% risk of failure)
Press: ? - help, Shift-Dir - straight line, f/p - hobgoblin
Aim: a hobgoblin (moderately wounded, 100% to hit)
The magic dart hits the hobgoblin.
The hobgoblin is severely wounded.
The hobgoblin hits you.
You tentacle-slap the hobgoblin but do no damage.
Your grab misses the hobgoblin.
The hobgoblin is severely wounded.
The hobgoblin hits you.
You closely miss the hobgoblin. Your grab misses the hobgoblin.
The hobgoblin is severely wounded.
The hobgoblin completely misses you.
You completely miss the hobgoblin. You grab the hobgoblin.
The hobgoblin is severely wounded.
You constrict the hobgoblin, but do no damage.
The hobgoblin hits you.
You die...

..........................>#.#
#######.############.####.##.#
#.## #.# #.##.# #..# #.#
#.##g#
###########'###########.#
#.##.#
#........'8.8'........#.#
#.##.#
#........#...#........#.#
#.##.#
#...⌠....##'##....⌠...#.#
#.##.#
##.............g@....##.#
#....# ######....<....######
###### ##.......## #########


You could see a hobgoblin.

Vanquished Creatures
  A rat (D:1)
1 creature vanquished.

Notes
Turn   | Place    | Note
-------+----------+-------------------------------------------
     0 | D:1      | rabbitsville the Octopode Conjurer began the quest for the
                  | Orb.
     0 | D:1      | Reached XP level 1. HP: 11/11 MP: 3/3
   150 | D:1      | Slain by a hobgoblin

Illustrated notes

Levels and vault maps discovered:
D:1:      giann_wishing_wells, layout_basic, shapermc_ecumenical_altar_gd,
          serial_shops, nicolae_shop_statue_plus, chequers_serial_rivers_micro_c

Action                   || total
-------------------------++-------
Melee: Unarmed           ||     3
       Constrict         ||     1
 Cast: Magic Dart        ||     7
Dodge: Dodged            ||     1

Table legend: (Time is in decaauts)
 A = Elapsed time spent in this place.
 B = Non-inter-level travel time spent in this place.
 C = Inter-level travel time spent in this place.
 D = Time resting spent in this place.
 E = Time spent auto-exploring this place.
 F = Levels seen in this place.
 G = Mean time per level.
                   A        B        C        D        E       F      G
               +--------+--------+--------+--------+--------+-----+--------+
         Total |    150 |    150 |      0 |      5 |     21 |   1 |  150.0 |
       Dungeon |    150 |    150 |      0 |      5 |     21 |   1 |  150.0 |
               +--------+--------+--------+--------+--------+-----+--------+

Top non-repeatable levels by time:
     D:1: 150 daAuts
